 Dungeon Crawl Stone Soup version 0.18.1-48-g4cf74bf (webtiles) character file.

60141 sarahorange the Protected (level 14, 0/127 HPs)
             Began as a Minotaur Fighter on Aug 2, 2016.
             Was the Champion of Okawaru.
             Slain by a tarantella (4 damage)
             ... on level 3 of the Spider Nest on Aug 7, 2016.
             The game lasted 02:54:26 (23509 turns).

sarahorange the Protected (Minotaur Fighter)       Turns: 23509, Time: 02:54:27

Health: 0/127      AC: 23    Str: 27    XL:     14   Next: 55%
Magic:  20/20      EV: 13    Int:  6    God:    Okawaru [******]
Gold:   1571       SH:  0    Dex: 10    Spells: 3 memorised, 17 levels left

rFire  + + .     SeeInvis .     Q - +8 mithril axe "Arga" {speed, MR+ Str+2}
rCold  x . .     Gourm    +     C - +1 fire dragon armour
rNeg   . . .     Faith    .     M - +5 shield "Toidivveqa" {Slay+2}
rPois  +         Spirit   .     (helmet restricted)
rElec  .         Dismiss  .     G - +2 cloak
rCorr  .         Reflect  .     V - +0 pair of gloves
SustAt .         Harm     .     (no boots)
MR     ++...                    B - amulet of the gourmand
Stlth  ..........               Y - ring of poison resistance
                                R - +5 ring of protection

@: confused, very resistant to hostile enchantments, extremely unstealthy
A: retaliatory headbutt, horns 2
a: Heroism, Finesse, Renounce Religion


You were on level 3 of the Spider Nest.
You worshipped Okawaru.
Okawaru was exalted by your worship.
You were full.

You visited 4 branches of the dungeon, and saw 17 of its levels.
You also visited: Volcano.

You collected 1571 gold pieces.

Inventory:

Hand Weapons
 x - a +3 hunting sling
 O - the +4 glaive "Loopy" {distort, Int+8}
   (You found it on level 6 of the Dungeon)

   It warps and distorts space around it.
   Unwielding it can cause banishment or high damage.
   It affects your intelligence (+8).
 Q - the +8 mithril axe "Arga" (weapon) {speed, MR+ Str+2}
   (Okawaru gifted it to you on level 4 of the Lair of Beasts)

   Attacks with this weapon are significantly faster.
   It affects your strength (+2).
   It affects your resistance to hostile enchantments.
 W - a +4 demon blade of flaming
Missiles
 e - 197 stones
 i - 9 silver javelins (quivered)
Armour
 k - a +1 scale mail of magic resistance
 C - a +1 fire dragon armour (worn)
 G - a +2 cloak (worn)
 M - the +5 shield "Toidivveqa" (worn) {Slay+2}
   (Okawaru gifted it to you on level 4 of the Lair of Beasts)

   It affects your accuracy and damage with ranged weapons and melee attacks
   (+2).
 V - a +0 pair of gloves (worn)
Magical Staves
 v - an uncursed staff of death
 N - an uncursed staff of wizardry {unknown}
Jewellery
 m - an uncursed amulet of harm
 p - an uncursed ring of wizardry
 B - an amulet of the gourmand (around neck)
 L - an uncursed ring of stealth
 R - a +5 ring of protection (left hand)
 Y - a ring of poison resistance (right hand)
Wands
 a - a wand of lightning (6/15)
 l - a wand of enslavement (3/24)
 r - a wand of digging (11/24)
 D - a wand of polymorph (9/24)
 K - a wand of paralysis (12/24)
Scrolls
 q - a scroll of vulnerability {unknown}
 s - a scroll of identify
 y - 9 scrolls of remove curse
 H - a scroll of immolation
 P - 2 scrolls of amnesia
 S - a scroll of blinking
Potions
 b - a potion of magic {unknown}
 d - 2 potions of berserk rage
 h - a potion of might
 j - 2 potions of brilliance
 n - a potion of invisibility {unknown}
 t - a potion of flight {unknown}
 w - 3 potions of cancellation
 z - 2 potions of haste {unknown}
 A - 3 potions of agility
 F - a potion of beneficial mutation {unknown}
Books
 c - a Young Poisoner's Handbook

   Spells                             Type                      Level
   a - Sting                          Conjuration/Poison           1
   b - Cure Poison                    Poison                       2
   c - Mephitic Cloud                 Conjuration/Poison/Air       3
   d - Olgreb's Toxic Radiance        Poison                       4
   e - Venom Bolt                     Conjuration/Poison           5
 E - a book of Misfortune

   Spells                             Type                      Level
   a - Confusing Touch                Hexes                        2
   b - Confuse                        Hexes                        3
   c - Gell's Gravitas                Hexes/Translocation          3
   d - Petrify                        Transmutation/Earth          4
   e - Metabolic Englaciation         Hexes/Ice                    5
   f - Yara's Violent Unravelling     Hexes/Transmutation          5
 X - a book of the Earth

   Spells                             Type                      Level
   a - Leda's Liquefaction            Hexes/Earth                  4
   b - Bolt of Magma                  Conjuration/Fire/Earth       5
   c - Statue Form                    Transmutation/Earth          6
   d - Iron Shot                      Conjuration/Earth            6
   e - Shatter                        Earth                        9
Miscellaneous
 u - a plain deck of wonders
 T - a plain deck of defence {drawn: 1}
 U - a lamp of fire
Comestibles
 f - 8 bread rations
 g - 2 slices of pizza
 o - 7 meat rations
 I - 23 fruits
 J - 2 beef jerkies


   Skills:
 + Level 12.5 Fighting
 - Level 6.1 Long Blades
 + Level 8.1(10.8) Axes
 - Level 11.3(12.2) Polearms
 - Level 4.8 Throwing
 + Level 12.7 Armour
 - Level 9.8 Dodging
 - Level 2.9 Stealth
 + Level 9.8 Shields
 + Level 4.9 Spellcasting
 + Level 5.5 Hexes
 + Level 3.8 Poison Magic
 - Level 0.6 Evocations


You had 17 spell levels left.
You knew the following spells:

 Your Spells              Type           Power        Failure   Level  Hunger
a - Confusing Touch       Hex            #.....       21%         2    ###....
b - Sting                 Conj/Pois      #...         63%         1    ##.....
c - Cure Poison           Pois           #.........   38%         2    ###....


Dungeon Overview and Level Annotations

Branches:
Dungeon (9/15)             Temple (0/1) D:6            Lair (4/8) D:9
 Spider (3/4) Lair:4          Orc (1/2) D:9
  Swamp: Lair:3-6    Shoals: Lair:3-6

Altars:
Cheibriados
Dithmenos
Kikubaaqudgha
Okawaru
Pakellas
Trog
Yredelemnul
Zin
The Shining One

Annotations:
D:3 nikopol's ghost, amateur MiBe
D:4 Eustachio
D:5 dvd's ghost, amateur TrBe
D:7 1 runed door
D:8 Gastronok
Spider:3 Louise
Abyss:1 Joseph


Innate Abilities, Weirdness & Mutations

You reflexively headbutt those who attack you in melee.
You have a pair of horns on your head.


Message History

* * * LOW HITPOINT WARNING * * *
The tarantella barely misses you. The tarantella bites you!
* * * LOW HITPOINT WARNING * * *
The wolf spider hits you!
* * * LOW HITPOINT WARNING * * *
The wolf spider bites you but does no damage.
The tarantella barely misses you.
The tarantella bites you but does no damage.
In your confused state, you trip and fall back down the stairs.
* * * LOW HITPOINT WARNING * * *
The tarantella bites you.
* * * LOW HITPOINT WARNING * * *
The tarantella barely misses you. The tarantella bites you.
* * * LOW HITPOINT WARNING * * *
The wolf spider hits you but does no damage.
The wolf spider bites you but does no damage.
The tarantella misses you.
The tarantella bites you but does no damage.
The tarantella bites you.
You die...

#.### ####
#...##.^..
#........#
#....$.$..
#........#
##.........
##.sss......
#..s@s.....^
#....s....##
#...?.......
#...........
.....(....!^.
..............
......#########
...............
.........


You could see a wolf spider and 5 tarantellas.

Vanquished Creatures
  A ghost moth (Spider:1)
  An emperor scorpion (Lair:4)
  Erolcha (D:8)
  4 entropy weavers
  A hydra (Lair:2)
  Pikel (D:8)
  8 orb spiders
  2 hornets
  18 wolf spiders
  4 black mambas
  14 elephants
  Psyche (D:8)
  6 spiny frogs
  A torpor snail (Spider:2)
  A rime drake (Lair:1)
  5 komodo dragons
  6 demonic crawlers
  17 jumping spiders
  A polar bear (Lair:2)
  11 blink frogs
  2 flying skulls (Volcano)
  58 redbacks
  4 vampires (Volcano)
  10 yaks (Lair:2)
  A basilisk (Lair:2)
  23 tarantellas
  Grum (D:9)
  3 hippogriffs
  Menkaure (D:7)
  A hungry ghost (D:7)
  5 porcupines
  7 water moccasins
  A merfolk skeleton (Volcano)
  2 orc warriors
  A sky beast (D:7)
  A wasp (Spider:1)
  4 ogres
  2 phantoms (D:8)
  2 ice beasts (D:5)
  11 wolves
  A manticore skeleton (Volcano)
  2 centaurs (D:8)
  6 crocodiles
  16 giant frogs
  2 scorpions (D:7)
  A killer bee (D:7)
  A spriggan skeleton (Volcano)
  3 howler monkeys (D:8)
  5 crimson imps
  2 quasits
  2 centaur zombies
  A hound (D:4)
  2 jellies
  A giant frog skeleton (D:7)
  5 orc priests
  13 iguanas
  A centaur skeleton (Volcano)
  Natasha (twice) (D:3)
  5 orc wizards
  17 worker ants
  2 naga skeletons (Volcano)
  2 hound zombies
  A mummy (Volcano)
  Robin (D:4)
  2 gnolls (D:6)
  16 river rats
  12 adders
  4 shadow imps
  3 oozes
  An adder zombie (D:5)
  An adder skeleton (D:7)
  5 worms
  4 dart slugs
  4 giant geckos
  29 orcs
  9 giant cockroaches
  13 goblins
  11 hobgoblins
  11 jackals
  6 kobolds
  3 quokkas
  5 bats
  4 giant newts
  2 jackal skeletons (D:4)
  9 rats
  A fungus (Lair:4)
  A plant (Lair:4)
494 creatures vanquished.

Vanquished Creatures (collateral kills)
  A crocodile (Lair:2)
  A spriggan skeleton (Volcano)
  A naga skeleton (Volcano)
3 creatures vanquished.

Vanquished Creatures (others)
  An elephant (Lair:3)
  A spiny frog (Lair:1)
  A guardian mummy (Volcano)
  A minotaur skeleton (Volcano)
  3 yaks
  2 slaves (D:8)
  A hippogriff (Lair:3)
  A black bear (D:8)
  An orc warrior (D:9)
  A howler monkey (D:8)
  A centaur skeleton (Volcano)
  2 iguanas (D:8)
  7 fungi
  A plant (Lair:3)
24 creatures vanquished.

Grand Total: 521 creatures vanquished

Notes
Turn   | Place    | Note
--------------------------------------------------------------
     0 | D:1      | sarahorange the Minotaur Fighter began the quest for the Orb.
     0 | D:1      | Reached XP level 1. HP: 19/19 MP: 0/0
   115 | D:1      | Reached XP level 2. HP: 27/27 MP: 1/1
   681 | D:2      | Reached XP level 3. HP: 25/33 MP: 2/2
   816 | D:2      | Found an iron altar of Okawaru.
  1141 | D:2      | Became a worshipper of Warmaster Okawaru
  1276 | D:2      | Reached XP level 4. HP: 36/40 MP: 3/3
  1783 | D:2      | Found an oddly glowing altar of Pakellas.
  1910 | D:3      | Noticed a giant frog
  1912 | D:3      | Killed a giant frog
  1912 | D:3      | Reached skill level 1 in Dodging
  1912 | D:3      | Reached XP level 5. HP: 45/47 MP: 4/4
  1931 | D:3      | Noticed nikopol's ghost (amateur MiBe)
  2082 | D:3      | Reached * piety under Okawaru
  2257 | D:3      | Found a snail-covered altar of Cheibriados.
  2353 | D:3      | Noticed Natasha
  2358 | D:3      | Killed Natasha
  2392 | D:3      | Noticed a moth of wrath
  2395 | D:3      | Found a bloodstained altar of Trog.
  2438 | D:3      | Reached XP level 6. HP: 34/55 MP: 5/5
  2666 | D:3      | Noticed Natasha
  2686 | D:3      | Killed Natasha
  2686 | D:3      | Reached skill level 5 in Fighting
  2686 | D:3      | Reached skill level 5 in Shields
  3143 | D:3      | Reached skill level 5 in Armour
  3334 | D:4      | Noticed Robin
  3365 | D:4      | Killed Robin
  3561 | D:4      | Reached skill level 1 in Throwing
  3598 | D:4      | Noticed Eustachio
  4319 | D:5      | Entered Level 5 of the Dungeon
  4421 | D:5      | Noticed an ice beast
  4430 | D:5      | Killed an ice beast
  4430 | D:5      | Reached XP level 7. HP: 61/61 MP: 6/6
  4689 | D:5      | Noticed dvd's ghost (amateur TrBe)
  4722 | D:5      | Reached skill level 1 in Stealth
  4746 | D:5      | Found an ancient bone altar of Kikubaaqudgha.
  4758 | D:5      | Reached skill level 5 in Long Blades
  5109 | D:5      | Reached ** piety under Okawaru
  5648 | D:6      | Found a staircase to the Ecumenical Temple.
  5676 | D:6      | Reached XP level 8. HP: 69/69 MP: 7/7
  6002 | D:6      | Got a polished glaive
  6014 | D:6      | Identified the +4 glaive "Loopy" {distort, Int+8} (You found it on level 6 of the Dungeon)
  6402 | D:6      | Found an iron altar of Okawaru.
  6665 | D:6      | Reached skill level 1 in Polearms
  7367 | D:7      | Reached skill level 1 in Spellcasting
  7541 | D:7      | Reached skill level 5 in Dodging
  7541 | D:7      | Reached XP level 9. HP: 60/78 MP: 9/9
  7619 | D:7      | Found a runed door.
  7632 | D:7      | Found a runed door.
  7692 | D:7      | Reached *** piety under Okawaru
  7734 | D:7      | Noticed Menkaure
  7743 | D:7      | Killed Menkaure
  8104 | D:7      | Received a gift from Okawaru
  8199 | D:8      | Reached skill level 5 in Polearms
  8200 | D:8      | Noticed Psyche
  8205 | D:8      | Killed Psyche
  8206 | D:8      | Noticed Gastronok
  8255 | D:8      | Noticed Pikel
  8258 | D:8      | Noticed Joseph
  8263 | D:8      | Killed Pikel
  8265 | D:8      | Banished Joseph
  8269 | D:8      | Noticed Erolcha
  8395 | D:7      | Reached XP level 10. HP: 85/86 MP: 12/12
  8587 | D:8      | Reached **** piety under Okawaru
  8604 | D:8      | Killed Erolcha
  9404 | D:8      | Learned a level 2 spell: Confusing Touch
  9639 | D:9      | Found a staircase to the Lair.
  9652 | D:9      | Noticed an elephant
  9668 | D:9      | Killed an elephant
  9668 | D:9      | Reached ***** piety under Okawaru
  9668 | D:9      | Reached skill level 1 in Hexes
  9831 | D:9      | Found a shadowy altar of Dithmenos.
  9979 | D:9      | Noticed Grum
  9995 | D:9      | Killed Grum
 10180 | D:9      | Found a glowing golden altar of the Shining One.
 10374 | D:9      | Found a staircase to the Orcish Mines.
 10456 | D:9      | Found a glowing silver altar of Zin.
 10528 | Orc:1    | Entered Level 1 of the Orcish Mines
 10589 | Orc:1    | Noticed a stone giant
 10956 | Lair:1   | Entered Level 1 of the Lair of Beasts
 11170 | Lair:1   | Noticed a spiny frog
 11192 | Lair:1   | Banished a spiny frog
 11278 | Lair:1   | Noticed an eight-headed hydra
 11293 | Lair:1   | Reached XP level 11. HP: 87/95 MP: 14/14
 11601 | Lair:1   | Received a gift from Okawaru
 12120 | Lair:1   | Found a shadowy altar of Dithmenos.
 12794 | Lair:2   | Reached skill level 10 in Polearms
 12819 | Lair:2   | Received a gift from Okawaru
 12822 | Lair:2   | Found a dark tunnel.
 12827 | Volcano  | Entered a volcano
 12866 | Volcano  | Reached skill level 10 in Armour
 13760 | Lair:3   | Found a basalt altar of Yredelemnul.
 14096 | Lair:3   | Received a gift from Okawaru
 14109 | Lair:3   | Reached XP level 12. HP: 67/105 MP: 15/15
 14678 | Lair:4   | Noticed a four-headed hydra
 14727 | Lair:3   | Reached skill level 10 in Fighting
 15121 | Lair:4   | Received a gift from Okawaru
 15344 | Lair:4   | Reached skill level 1 in Axes
 15611 | Lair:4   | Found a hole to the Spider Nest.
 15913 | Lair:2   | Killed a 12-headed hydra
 16336 | Lair:4   | Received a gift from Okawaru
 16676 | Lair:4   | Reached ****** piety under Okawaru
 17222 | Spider:1 | Entered Level 1 of the Spider Nest
 17364 | Spider:1 | Reached XP level 13. HP: 98/116 MP: 16/16
 17474 | Spider:1 | Noticed an emperor scorpion
 17618 | Lair:4   | Killed an emperor scorpion
 17618 | Lair:4   | Received a gift from Okawaru
 17621 | Lair:4   | Got a dazzling shield {god gift}
 17974 | Lair:4   | Identified the +5 shield "Toidivveqa" {Slay+2} (Okawaru gifted it to you on level 4 of the Lair of Beasts)
 18027 | Lair:4   | Learned a level 1 spell: Sting
 18457 | Spider:1 | Reached skill level 1 in Poison Magic
 18660 | Spider:1 | Reached skill level 5 in Axes
 19192 | Spider:1 | Killed a ghost moth
 20005 | Spider:1 | Received a gift from Okawaru
 20473 | Spider:1 | Reached skill level 5 in Hexes
 21371 | Spider:2 | Reached XP level 14. HP: 67/125 MP: 19/19
 21777 | Spider:2 | Received a gift from Okawaru
 21818 | Spider:2 | HP: 5/126 [jumping spider (16)]
 21818 | Spider:2 | HP: 1/126 [jumping spider (4)]
 22613 | Spider:2 | Learned a level 2 spell: Cure Poison
 23354 | Spider:3 | Noticed Louise
 23509 | Spider:3 | HP: 5/127 [tarantella (3)]
 23509 | Spider:3 | Slain by a tarantella

Skill      XL: |  1  2  3  4  5  6  7  8  9 10 11 12 13 14 |
---------------+-------------------------------------------+-----
Armour         | 4 5 6 7 8 9 10 11 12 | 12.7
Shields        | 4 5 6 7 9 |  9.8
Fighting       | 4 5 6 7 8 9 11 12 | 12.5
Long Blades    | 3 4 5 6 |  6.1
Dodging        | 1 2 3 4 5 6 7 8 9 |  9.8
Throwing       | 1 2 3 4 |  4.8
Stealth        | 1 2 |  2.9
Polearms       | 3 6 8 10 11 | 11.3
Spellcasting   | 1 2 3 4 |  4.9
Hexes          | 1 3 4 5 |  5.5
Axes           | 3 6 8 |  8.1
Poison Magic   | 3 |  3.8
Evocations     | |  0.6

Action                   |  1- 3 |  4- 6 |  7- 9 | 10-12 | 13-15 || total
-------------------------+-------+-------+-------+-------+-------++-------
Melee: Long sword        |   117 |   186 |   118 |       |       ||   421
       Headbutt          |    10 |    30 |    42 |   108 |   113 ||   303
       Glaive            |       |       |   169 |   413 |       ||   582
       Broad axe         |       |       |       |   159 |   452 ||   611
       Demon blade       |       |       |       |       |     7 ||     7
 Fire: Hunting sling     |       |     3 |       |     2 |       ||     5
Throw: Stone             |    22 |    38 |    36 |    15 |       ||   111
       Javelin           |       |       |     7 |    42 |    70 ||   119
 Cast: Confusing Touch   |       |       |       |     1 |       ||     1
Invok: Heroism           |       |       |       |     1 |       ||     1
Evoke: Wand              |       |       |     1 |     7 |       ||     8
       Lamp of fire      |       |       |       |     2 |       ||     2
       Deck              |       |       |       |       |     1 ||     1
  Use: Potion            |       |     2 |     4 |     8 |     7 ||    21
       Scroll            |       |     4 |    13 |    14 |     4 ||    35
 Stab: Distracted        |       |       |       |     2 |       ||     2
       Sleeping          |       |       |       |     1 |       ||     1
  Eat: Chunk             |     2 |    26 |    16 |    37 |    18 ||    99
       Meat ration       |       |       |     1 |       |       ||     1
Armor: Scale mail        |    40 |    60 |   111 |   204 |    95 ||   510
       Skin              |       |       |       |    15 |     1 ||    16
       Fire dragon armou |       |       |       |       |    69 ||    69
Dodge: Dodged            |    33 |    48 |   127 |   314 |   186 ||   708
Block: Shield            |    51 |    87 |    52 |    78 |   355 ||   623
